General information
			 
			
        
        - name: BNet
- type: Ladder team game (AT/RT)
- host: Battle.net
- saver: PIZZAFAN1739
 map: UpperKingdom
- players: 6
- length: 81:19
- speed: Fast
- version: 1.26 W3XP
- replay type:   
 » download(594 KB)
Players
        team 1 (winner) 
              
               iggy_the_fisk
iggy_the_fisk (
orange | 117 APM | 9486 actions | 81:18)
              
 8 Archmage
 8 Archmage  3
 3 Blizzard
 3
 3 Brilliance Aura
 1
 1 Mass Teleport
 1
 1 Summon Water Elemental
 6 Blood Mage
 6 Blood Mage  3
 3 Flame Strike
 2
 2 Siphon Mana
 1
 1 Summon Phoenix
 4 Pit Lord
 4 Pit Lord  2
 2 Rain of Fire
 2
 2 Cleaving Attack
                | Assign group hotkey | 825 |  | 
| Basic commands | 60 |  | 
| Build / train | 291 |  | 
| Enter build submenu | 325 |  | 
| Enter hero's abilities submenu | 19 |  | 
| Give item / drop item | 2 |  | 
| Remove unit from queue | 1 |  | 
| Right click | 4520 |  | 
| Select / deselect | 988 |  | 
| Select group hotkey | 1598 |  | 
| Use ability | 856 |  | 
                9486 total
 » units 
                
                | Peasant | 52 |  | 
| Dragonhawk Rider | 12 |  | 
| Gryphon Rider | 12 |  | 
                76 total
 » upgrades
                
                | Masonry | 3 |  | 
| Lumber Harvesting | 2 |  | 
| Magic Sentry | 1 |  | 
| Swords | 3 |  | 
| Armor | 4 |  | 
| Animal War Training | 1 |  | 
| Storm Hammers | 1 |  | 
                15 total
 » buildings
                
                | Altar of Kings | 2 |  | 
| Farm | 12 |  | 
| Lumber Mill | 1 |  | 
| Scout Tower | 379 |  | 
| Arcane Tower | 4 |  | 
| Guard Tower | 142 |  | 
| Keep | 1 |  | 
| Arcane Vault | 6 |  | 
| Arcane Sanctum | 1 |  | 
| Castle | 1 |  | 
| Town Hall | 3 |  | 
| Gryphon Aviary | 4 |  | 
| Blacksmith | 1 |  | 
| Barracks | 1 |  | 
                558 total
 » build order
                00:04 Altar of Kings
00:35 Farm
00:50 Lumber Mill
01:13 Farm
01:28 Scout Tower
01:35 Scout Tower
01:45 Scout Tower
01:48 Scout Tower
02:00 Scout Tower
02:02 Scout Tower
02:03 Arcane Tower
02:05 Scout Tower
02:08 Scout Tower
02:12 Arcane Tower
02:13 Scout Tower
02:17 Arcane Tower
02:19 Scout Tower
02:22 Scout Tower
02:27 Arcane Tower
02:29 Scout Tower
02:31 Scout Tower
02:34 Guard Tower
02:34 Guard Tower
02:35 Scout Tower
02:45 Guard Tower
02:46 Scout Tower
02:58 Guard Tower
02:59 Scout Tower
03:12 Guard Tower
03:13 Scout Tower
03:15 Scout Tower
03:21 Guard Tower
03:22 Scout Tower
03:24 Scout Tower
03:28 Guard Tower
03:29 Scout Tower
03:34 Guard Tower
03:35 Scout Tower
03:41 Scout Tower
03:42 Guard Tower
03:50 Scout Tower
03:51 Scout Tower
03:53 Guard Tower
03:55 Scout Tower
03:57 Scout Tower
03:58 Scout Tower
04:04 Scout Tower
04:05 Guard Tower
04:14 Guard Tower
04:16 Scout Tower
04:22 Guard Tower
04:23 Keep
04:25 Guard Tower
04:26 Scout Tower
04:28 Scout Tower
04:30 Scout Tower
04:31 Guard Tower
04:33 Guard Tower
04:38 Arcane Vault
04:41 Guard Tower
04:42 Scout Tower
04:44 Scout Tower
04:50 Arcane Vault
04:51 Guard Tower
05:13 Guard Tower
05:23 Guard Tower
05:25 Scout Tower
05:26 Guard Tower
05:29 Guard Tower
05:30 Scout Tower
05:32 Guard Tower
05:34 Scout Tower
05:34 Scout Tower
05:42 Arcane Vault
05:48 Scout Tower
05:49 Scout Tower
05:55 Scout Tower
05:56 Scout Tower
05:58 Scout Tower
06:00 Scout Tower
06:01 Guard Tower
06:03 Scout Tower
06:04 Scout Tower
06:16 Scout Tower
06:16 Guard Tower
06:21 Scout Tower
06:31 Farm
06:31 Farm
06:32 Farm
06:33 Farm
06:45 Arcane Sanctum
06:45 Castle
06:53 Guard Tower
06:55 Scout Tower
06:56 Scout Tower
07:01 Guard Tower
07:01 Guard Tower
07:02 Guard Tower
07:16 Guard Tower
07:19 Scout Tower
07:20 Scout Tower
07:22 Guard Tower
07:26 Scout Tower
07:27 Scout Tower
07:29 Guard Tower
07:31 Scout Tower
07:32 Scout Tower
07:43 Guard Tower
07:50 Guard Tower
08:22 Scout Tower
08:23 Scout Tower
08:30 Scout Tower
08:31 Scout Tower
08:37 Scout Tower
08:39 Guard Tower
08:41 Scout Tower
08:42 Scout Tower
08:43 Scout Tower
08:43 Scout Tower
08:49 Scout Tower
08:49 Scout Tower
08:52 Guard Tower
09:02 Scout Tower
09:03 Scout Tower
09:18 Guard Tower
09:22 Scout Tower
09:23 Scout Tower
09:25 Scout Tower
09:26 Scout Tower
09:31 Scout Tower
09:32 Guard Tower
09:55 Arcane Vault
09:55 Guard Tower
10:21 Scout Tower
10:23 Scout Tower
10:24 Scout Tower
10:25 Scout Tower
10:26 Scout Tower
10:29 Guard Tower
10:31 Scout Tower
10:32 Scout Tower
10:34 Scout Tower
10:35 Scout Tower
10:36 Guard Tower
10:48 Arcane Vault
10:54 Scout Tower
11:02 Guard Tower
11:09 Scout Tower
11:10 Scout Tower
11:11 Scout Tower
11:45 Guard Tower
11:47 Scout Tower
11:49 Guard Tower
11:53 Scout Tower
11:54 Scout Tower
11:59 Guard Tower
11:59 Guard Tower
11:59 Guard Tower
12:06 Scout Tower
12:07 Scout Tower
12:09 Guard Tower
12:14 Guard Tower
12:17 Scout Tower
12:18 Scout Tower
12:18 Scout Tower
12:33 Guard Tower
12:34 Scout Tower
12:35 Scout Tower
12:37 Guard Tower
12:45 Guard Tower
12:52 Town Hall
12:59 Scout Tower
13:00 Scout Tower
13:01 Scout Tower
13:01 Scout Tower
13:02 Scout Tower
13:03 Scout Tower
13:04 Guard Tower
13:06 Guard Tower
13:08 Scout Tower
13:09 Scout Tower
13:11 Scout Tower
13:14 Guard Tower
13:15 Scout Tower
13:16 Scout Tower
13:18 Guard Tower
13:20 Scout Tower
13:21 Scout Tower
13:49 Guard Tower
13:58 Guard Tower
14:01 Scout Tower
14:01 Scout Tower
14:02 Scout Tower
14:04 Guard Tower
14:06 Scout Tower
14:22 Guard Tower
14:22 Guard Tower
14:25 Scout Tower
14:26 Scout Tower
15:29 Guard Tower
15:31 Guard Tower
15:37 Town Hall
15:39 Guard Tower
15:47 Scout Tower
15:48 Scout Tower
15:48 Scout Tower
15:49 Scout Tower
15:57 Scout Tower
16:08 Scout Tower
16:09 Scout Tower
16:10 Scout Tower
16:11 Scout Tower
16:20 Guard Tower
16:23 Scout Tower
16:24 Scout Tower
16:27 Guard Tower
16:40 Scout Tower
16:41 Scout Tower
16:41 Scout Tower
16:45 Scout Tower
16:45 Scout Tower
16:57 Guard Tower
16:58 Scout Tower
16:59 Scout Tower
17:04 Scout Tower
17:05 Scout Tower
17:13 Scout Tower
17:14 Guard Tower
17:31 Guard Tower
17:35 Scout Tower
17:36 Scout Tower
17:38 Guard Tower
17:44 Guard Tower
17:57 Scout Tower
17:59 Scout Tower
17:59 Scout Tower
18:02 Scout Tower
18:06 Scout Tower
18:06 Scout Tower
18:07 Scout Tower
18:07 Scout Tower
18:07 Scout Tower
18:11 Scout Tower
18:12 Scout Tower
18:33 Guard Tower
18:46 Scout Tower
18:47 Scout Tower
18:51 Guard Tower
18:54 Scout Tower
18:55 Scout Tower
18:55 Scout Tower
18:59 Guard Tower
19:02 Scout Tower
19:03 Scout Tower
19:04 Scout Tower
19:04 Scout Tower
19:05 Scout Tower
19:05 Scout Tower
19:10 Guard Tower
19:12 Guard Tower
19:14 Scout Tower
19:15 Scout Tower
19:15 Scout Tower
19:16 Scout Tower
19:16 Scout Tower
19:17 Scout Tower
19:24 Guard Tower
19:27 Scout Tower
19:28 Scout Tower
19:28 Scout Tower
19:39 Guard Tower
19:47 Guard Tower
19:54 Guard Tower
20:03 Scout Tower
20:24 Scout Tower
20:25 Scout Tower
20:37 Scout Tower
20:38 Scout Tower
20:43 Scout Tower
20:44 Scout Tower
20:45 Scout Tower
20:57 Town Hall
20:59 Scout Tower
21:01 Scout Tower
21:02 Scout Tower
21:03 Scout Tower
21:05 Guard Tower
21:08 Scout Tower
21:13 Scout Tower
21:13 Scout Tower
21:14 Scout Tower
21:15 Scout Tower
21:20 Guard Tower
22:30 Guard Tower
22:48 Scout Tower
22:49 Scout Tower
22:50 Scout Tower
22:50 Scout Tower
23:01 Scout Tower
23:01 Scout Tower
23:14 Scout Tower
23:29 Guard Tower
23:31 Scout Tower
23:32 Scout Tower
23:55 Scout Tower
24:01 Guard Tower
24:02 Scout Tower
24:03 Scout Tower
24:04 Guard Tower
24:10 Guard Tower
24:13 Guard Tower
24:15 Arcane Vault
24:26 Scout Tower
24:26 Scout Tower
24:42 Guard Tower
24:44 Scout Tower
24:46 Scout Tower
24:49 Scout Tower
24:50 Scout Tower
24:55 Scout Tower
24:56 Scout Tower
24:57 Guard Tower
25:02 Guard Tower
25:07 Scout Tower
25:08 Scout Tower
25:09 Scout Tower
25:10 Scout Tower
25:17 Scout Tower
25:18 Scout Tower
25:19 Scout Tower
25:19 Guard Tower
25:21 Scout Tower
25:21 Scout Tower
25:22 Guard Tower
25:25 Scout Tower
25:26 Scout Tower
25:30 Scout Tower
25:31 Scout Tower
25:32 Scout Tower
25:32 Scout Tower
25:49 Guard Tower
25:50 Scout Tower
26:08 Scout Tower
26:09 Scout Tower
26:13 Scout Tower
26:14 Scout Tower
26:15 Scout Tower
26:15 Scout Tower
26:16 Guard Tower
26:18 Guard Tower
26:20 Scout Tower
26:20 Scout Tower
26:31 Scout Tower
26:32 Scout Tower
26:33 Scout Tower
26:34 Scout Tower
26:34 Scout Tower
26:35 Scout Tower
26:47 Scout Tower
26:48 Scout Tower
26:49 Scout Tower
26:50 Scout Tower
26:51 Scout Tower
26:54 Guard Tower
26:56 Scout Tower
26:57 Scout Tower
26:57 Scout Tower
26:58 Scout Tower
26:59 Scout Tower
26:59 Scout Tower
27:05 Scout Tower
27:05 Scout Tower
27:22 Guard Tower
27:33 Guard Tower
27:39 Scout Tower
27:40 Scout Tower
27:40 Scout Tower
27:41 Scout Tower
27:42 Scout Tower
27:42 Scout Tower
27:50 Scout Tower
27:52 Guard Tower
27:55 Guard Tower
27:57 Scout Tower
27:58 Scout Tower
27:58 Scout Tower
28:00 Guard Tower
28:05 Scout Tower
28:06 Scout Tower
28:07 Scout Tower
28:07 Scout Tower
28:09 Scout Tower
28:09 Guard Tower
28:24 Guard Tower
28:26 Scout Tower
28:26 Scout Tower
28:27 Scout Tower
28:28 Scout Tower
28:37 Guard Tower
28:38 Scout Tower
28:38 Scout Tower
28:39 Scout Tower
28:39 Scout Tower
28:45 Guard Tower
28:47 Scout Tower
28:47 Scout Tower
28:49 Scout Tower
28:50 Scout Tower
28:51 Scout Tower
28:52 Scout Tower
28:53 Scout Tower
28:54 Scout Tower
28:55 Scout Tower
28:56 Scout Tower
28:57 Guard Tower
29:22 Guard Tower
29:23 Scout Tower
29:24 Scout Tower
29:25 Scout Tower
29:43 Guard Tower
29:45 Scout Tower
29:46 Scout Tower
29:54 Scout Tower
29:55 Scout Tower
30:33 Guard Tower
30:35 Scout Tower
30:35 Scout Tower
30:42 Guard Tower
30:50 Guard Tower
30:51 Scout Tower
30:52 Scout Tower
30:54 Guard Tower
30:57 Scout Tower
31:24 Guard Tower
31:28 Scout Tower
31:39 Guard Tower
31:41 Scout Tower
31:42 Scout Tower
31:46 Scout Tower
31:48 Scout Tower
32:09 Guard Tower
32:13 Scout Tower
32:14 Scout Tower
32:15 Scout Tower
32:16 Scout Tower
32:16 Scout Tower
32:31 Guard Tower
32:34 Scout Tower
32:35 Scout Tower
32:35 Scout Tower
32:36 Scout Tower
32:37 Guard Tower
32:40 Scout Tower
32:40 Scout Tower
32:50 Guard Tower
32:53 Scout Tower
32:54 Scout Tower
32:55 Guard Tower
34:34 Guard Tower
34:42 Scout Tower
34:43 Scout Tower
34:44 Scout Tower
34:51 Guard Tower
34:53 Scout Tower
34:55 Scout Tower
34:57 Scout Tower
34:58 Scout Tower
34:58 Scout Tower
35:05 Scout Tower
35:05 Scout Tower
35:20 Scout Tower
35:22 Scout Tower
35:27 Scout Tower
35:32 Guard Tower
35:35 Scout Tower
35:35 Scout Tower
35:36 Scout Tower
35:37 Scout Tower
35:44 Guard Tower
35:58 Guard Tower
36:04 Scout Tower
36:05 Scout Tower
36:08 Scout Tower
36:10 Scout Tower
36:36 Guard Tower
36:37 Scout Tower
36:40 Scout Tower
36:40 Scout Tower
36:45 Guard Tower
37:11 Guard Tower
37:36 Scout Tower
37:36 Scout Tower
37:38 Guard Tower
37:46 Guard Tower
37:48 Guard Tower
37:52 Scout Tower
37:53 Scout Tower
37:54 Scout Tower
37:54 Scout Tower
37:59 Scout Tower
38:00 Scout Tower
38:05 Scout Tower
38:06 Scout Tower
38:07 Scout Tower
38:08 Scout Tower
38:10 Scout Tower
38:10 Scout Tower
38:13 Scout Tower
38:14 Scout Tower
38:29 Guard Tower
38:32 Scout Tower
38:35 Guard Tower
38:40 Guard Tower
38:43 Scout Tower
38:43 Scout Tower
39:19 Guard Tower
39:22 Scout Tower
39:23 Scout Tower
39:23 Scout Tower
39:24 Scout Tower
39:24 Scout Tower
39:25 Scout Tower
41:18 Scout Tower
41:18 Scout Tower
41:19 Scout Tower
42:31 Guard Tower
42:43 Gryphon Aviary
42:44 Gryphon Aviary
42:52 Blacksmith
44:50 Gryphon Aviary
44:51 Gryphon Aviary
44:53 Barracks
44:55 Farm
44:55 Farm
44:56 Farm
44:56 Farm
47:55 Scout Tower
47:56 Scout Tower
48:00 Scout Tower
48:21 Altar of Kings
48:53 Guard Tower
69:09 Farm
» items
                
                | Potion of Healing | 3 |  | 
| Potion of Mana | 2 |  | 
| Scroll of Town Portal | 9 |  | 
| Scroll of Regeneration | 5 |  | 
| Staff of Sanctuary | 3 |  | 
| Lesser Clarity Potion | 2 |  | 
| Orb of Venom | 2 |  | 
                26 total
  
              
               PIZZAFAN1739
PIZZAFAN1739 (
green | 114 APM | 9260 actions | 81:19)
              
 8 Demon Hunter
 8 Demon Hunter  3
 3 Mana Burn
 3
 3 Evasion
 1
 1 Metamorphosis
 1
 1 Immolation
 6 Pandaren Brewmaster
 6 Pandaren Brewmaster  3
 3 Breath of Fire
 2
 2 Drunken Haze
 1
 1 Storm Earth and Fire
                | Assign group hotkey | 39 |  | 
| Basic commands | 11 |  | 
| Build / train | 108 |  | 
| Enter build submenu | 33 |  | 
| Enter hero's abilities submenu | 15 |  | 
| Give item / drop item | 2 |  | 
| Remove unit from queue | 8 |  | 
| Right click | 5568 |  | 
| Select / deselect | 957 |  | 
| Select group hotkey | 2200 |  | 
| Use ability | 317 |  | 
                9260 total
 » units 
                
                | Wisp | 30 |  | 
| Hippogryph | 21 |  | 
| Chimaera | 7 |  | 
                58 total
 » upgrades
                
                | Nature's Blessing | 1 |  | 
| Ultravision | 1 |  | 
| Strength of the Wild | 3 |  | 
| Reinforced Hides | 3 |  | 
| Well Spring | 1 |  | 
| Corrosive Breath | 1 |  | 
                10 total
 » buildings
                
                | Altar of Elders | 2 |  | 
| Moon Well | 18 |  | 
| Tree of Ages | 2 |  | 
| Ancient of Wonders | 1 |  | 
| Hunter's Hall | 1 |  | 
| Tree of Life | 3 |  | 
| Tree of Eternity | 2 |  | 
| Ancient of Wind | 5 |  | 
| Chimaera Roost | 2 |  | 
                36 total
 » build order
                00:20 Altar of Elders
00:31 Moon Well
01:50 Moon Well
03:02 Moon Well
05:05 Tree of Ages
05:28 Ancient of Wonders
06:07 Hunter's Hall
07:01 Tree of Life
08:47 Tree of Life
10:32 Tree of Eternity
11:11 Ancient of Wind
12:04 Ancient of Wind
17:57 Tree of Ages
20:34 Moon Well
20:34 Moon Well
20:35 Moon Well
23:31 Altar of Elders
26:44 Tree of Life
27:00 Ancient of Wind
27:17 Tree of Eternity
31:29 Chimaera Roost
33:13 Chimaera Roost
39:17 Moon Well
39:18 Moon Well
39:18 Moon Well
39:21 Moon Well
39:21 Moon Well
40:04 Moon Well
40:05 Moon Well
40:06 Moon Well
41:38 Moon Well
41:39 Moon Well
41:42 Moon Well
48:51 Ancient of Wind
48:51 Ancient of Wind
49:48 Moon Well
» items
                
                | Staff of Sanctuary | 1 |  | 
| Staff of Preservation | 1 |  | 
| Orb of Venom | 1 |  | 
| Scroll of Town Portal | 3 |  | 
                6 total
  
              
              
» 
 timg4strOK
timg4strOK (
teal | 127 APM | 10347 actions | 81:18)
              
 6 Warden
 6 Warden  3
 3 Shadow Strike
 3
 3 Blink
 7 Pandaren Brewmaster
 7 Pandaren Brewmaster  3
 3 Breath of Fire
 2
 2 Drunken Haze
 1
 1 Storm Earth and Fire
 1
 1 Drunken Brawler
                | Assign group hotkey | 40 |  | 
| Basic commands | 79 |  | 
| Build / train | 140 |  | 
| ESC pressed | 11 |  | 
| Enter build submenu | 22 |  | 
| Enter hero's abilities submenu | 13 |  | 
| Give item / drop item | 9 |  | 
| Right click | 5512 |  | 
| Select / deselect | 788 |  | 
| Select group hotkey | 3242 |  | 
| Use ability | 491 |  | 
                10347 total
 » units 
                
                | Wisp | 28 |  | 
| Hippogryph | 11 |  | 
| Druid of the Talon | 23 |  | 
| Chimaera | 6 |  | 
                68 total
 » upgrades
                
                | Nature's Blessing | 1 |  | 
| Ultravision | 2 |  | 
| Well Spring | 1 |  | 
| Strength of the Wild | 3 |  | 
| Druid of the Talon Training | 2 |  | 
| Reinforced Hides | 3 |  | 
| Mark of the Talon | 1 |  | 
| Corrosive Breath | 1 |  | 
                14 total
 » buildings
                
                | Altar of Elders | 2 |  | 
| Moon Well | 16 |  | 
| Tree of Ages | 2 |  | 
| Tree of Life | 3 |  | 
| Tree of Eternity | 1 |  | 
| Ancient of Wonders | 1 |  | 
| Hunter's Hall | 1 |  | 
| Ancient of Wind | 2 |  | 
| Chimaera Roost | 2 |  | 
                30 total
 » build order
                00:04 Altar of Elders
00:05 Moon Well
02:09 Moon Well
03:11 Tree of Ages
03:12 Tree of Ages
04:19 Tree of Life
05:26 Moon Well
05:27 Moon Well
08:18 Tree of Eternity
08:27 Ancient of Wonders
09:39 Hunter's Hall
09:57 Moon Well
09:57 Moon Well
10:00 Moon Well
11:43 Ancient of Wind
14:53 Ancient of Wind
18:28 Tree of Life
25:24 Tree of Life
26:01 Moon Well
26:01 Moon Well
26:02 Moon Well
26:02 Moon Well
26:03 Moon Well
26:03 Moon Well
26:04 Moon Well
26:04 Moon Well
26:05 Moon Well
28:50 Chimaera Roost
28:51 Chimaera Roost
35:53 Altar of Elders
» items
                
                | Lesser Clarity Potion | 7 |  | 
| Potion of Healing | 3 |  | 
| Staff of Sanctuary | 2 |  | 
| Orb of Venom | 8 |  | 
| Scroll of Town Portal | 1 |  | 
| Scroll of Regeneration | 4 |  | 
                25 total
  team 2 (loser) 
              
               ForbidenWarlock
ForbidenWarlock (
pink | 43 APM | 3507 actions | 81:18)
              
 7 Mountain King
 7 Mountain King  3
 3 Storm Bolt
 3
 3 Bash
 1
 1 Avatar
 4 Paladin
 4 Paladin  2
 2 Holy Light
 2
 2 Divine Shield
                | Assign group hotkey | 36 |  | 
| Basic commands | 13 |  | 
| Build / train | 200 |  | 
| ESC pressed | 7 |  | 
| Enter build submenu | 34 |  | 
| Enter hero's abilities submenu | 11 |  | 
| Give item / drop item | 1 |  | 
| Remove unit from queue | 2 |  | 
| Right click | 2047 |  | 
| Select / deselect | 847 |  | 
| Select group hotkey | 113 |  | 
| Use ability | 196 |  | 
                3507 total
 » units 
                
                | Peasant | 46 |  | 
| Rifleman | 23 |  | 
| Mortar Team | 20 |  | 
| Dragonhawk Rider | 31 |  | 
| Siege Engine | 11 |  | 
| Gryphon Rider | 1 |  | 
                132 total
 » upgrades
                
                | Gunpowder | 3 |  | 
| Armor | 2 |  | 
| Flare | 1 |  | 
| Long Rifles | 1 |  | 
| Cloud | 1 |  | 
| Plating | 3 |  | 
| Barrage | 1 |  | 
                12 total
 » buildings
                
                | Altar of Kings | 2 |  | 
| Farm | 13 |  | 
| Blacksmith | 1 |  | 
| Barracks | 2 |  | 
| Arcane Vault | 1 |  | 
| Lumber Mill | 1 |  | 
| Town Hall | 2 |  | 
| Keep | 1 |  | 
| Workshop | 2 |  | 
| Gryphon Aviary | 1 |  | 
| Castle | 1 |  | 
| Scout Tower | 6 |  | 
| Guard Tower | 14 |  | 
                47 total
 » build order
                00:03 Altar of Kings
00:24 Farm
00:39 Blacksmith
00:48 Barracks
01:51 Farm
02:27 Barracks
03:40 Farm
04:00 Arcane Vault
04:22 Farm
04:58 Lumber Mill
05:10 Farm
06:27 Town Hall
07:01 Farm
07:44 Keep
07:53 Farm
10:14 Workshop
10:17 Workshop
11:35 Farm
12:14 Farm
12:57 Farm
13:53 Farm
13:59 Gryphon Aviary
16:00 Castle
17:48 Farm
31:38 Town Hall
34:41 Scout Tower
34:45 Scout Tower
35:19 Guard Tower
35:30 Guard Tower
35:30 Guard Tower
35:30 Guard Tower
37:34 Scout Tower
38:40 Scout Tower
38:50 Guard Tower
38:50 Guard Tower
38:50 Guard Tower
38:51 Guard Tower
41:15 Guard Tower
41:17 Scout Tower
45:42 Guard Tower
45:44 Scout Tower
50:36 Guard Tower
54:48 Altar of Kings
54:50 Farm
» items
                
                | Scroll of Regeneration | 6 |  | 
| Orb of Fire | 1 |  | 
| Lesser Clarity Potion | 2 |  | 
| Scroll of Town Portal | 2 |  | 
                11 total
  
              
               SonOfLucifer
SonOfLucifer (
blue | 28 APM | 2146 actions | 77:01)
              
 6 Priestess of the Moon
 6 Priestess of the Moon  3
 3 Trueshot Aura
 2
 2 Searing Arrows
 1
 1 Starfall
 6 Keeper of the Grove
 6 Keeper of the Grove  3
 3 Entangling Roots
 2
 2 Thorns Aura
 1
 1 Tranquility
 5 Warden
 5 Warden  3
 3 Shadow Strike
 2
 2 Blink
                | Assign group hotkey | 37 |  | 
| Basic commands | 14 |  | 
| Build / train | 113 |  | 
| Enter build submenu | 33 |  | 
| Enter hero's abilities submenu | 17 |  | 
| Give item / drop item | 9 |  | 
| Remove unit from queue | 8 |  | 
| Right click | 1013 |  | 
| Select / deselect | 536 |  | 
| Select group hotkey | 247 |  | 
| Use ability | 118 |  | 
                2146 total
 » units 
                
                | Wisp | 30 |  | 
| Huntress | 6 |  | 
| Druid of the Claw | 10 |  | 
| Chimaera | 13 |  | 
| Hippogryph | 4 |  | 
                63 total
 » upgrades
                
                | Moon Armor | 1 |  | 
| Strength of the Moon | 1 |  | 
| Druid of the Claw Training | 2 |  | 
| Strength of the Wild | 3 |  | 
| Reinforced Hides | 3 |  | 
| Ultravision | 1 |  | 
| Corrosive Breath | 1 |  | 
                12 total
 » buildings
                
                | Altar of Elders | 1 |  | 
| Moon Well | 8 |  | 
| Hunter's Hall | 1 |  | 
| Ancient of War | 2 |  | 
| Tree of Ages | 1 |  | 
| Ancient of Lore | 2 |  | 
| Tree of Eternity | 3 |  | 
| Ancient of Wind | 3 |  | 
| Tree of Life | 7 |  | 
| Chimaera Roost | 3 |  | 
| Ancient of Wonders | 4 |  | 
                35 total
 » build order
                00:05 Altar of Elders
00:08 Moon Well
01:28 Hunter's Hall
01:37 Ancient of War
02:10 Ancient of War
02:23 Moon Well
04:21 Moon Well
05:12 Tree of Ages
06:11 Moon Well
08:10 Ancient of Lore
08:13 Ancient of Lore
08:44 Tree of Eternity
08:44 Tree of Eternity
08:44 Tree of Eternity
10:06 Moon Well
12:04 Moon Well
13:10 Moon Well
14:00 Moon Well
24:08 Ancient of Wind
25:24 Tree of Life
25:34 Tree of Life
26:23 Tree of Life
26:50 Tree of Life
27:06 Chimaera Roost
27:11 Chimaera Roost
27:14 Chimaera Roost
28:32 Ancient of Wonders
28:43 Ancient of Wonders
40:22 Ancient of Wonders
45:15 Ancient of Wonders
45:56 Tree of Life
48:37 Tree of Life
49:10 Tree of Life
49:53 Ancient of Wind
50:42 Ancient of Wind
» items
                
                | Scroll of Town Portal | 5 |  | 
| Potion of Healing | 3 |  | 
| Potion of Mana | 2 |  | 
| Orb of Venom | 2 |  | 
| Moonstone | 2 |  | 
                14 total
  
              
               Ya-It-OwnS
Ya-It-OwnS (
red | 83 APM | 6777 actions | 81:18)
              
 9 Death Knight
 9 Death Knight  3
 3 Death Coil
 3
 3 Unholy Aura
 1
 1 Animate Dead
 2
 2 Death Pact
 7 Lich
 7 Lich  3
 3 Frost Nova
 3
 3 Frost Armor
 1
 1 Death and Decay
 2 Dreadlord
 2 Dreadlord  1
 1 Sleep
 1
 1 Vampiric Aura
                | Assign group hotkey | 212 |  | 
| Basic commands | 7 |  | 
| Build / train | 147 |  | 
| ESC pressed | 6 |  | 
| Enter build submenu | 35 |  | 
| Enter hero's abilities submenu | 19 |  | 
| Give item / drop item | 10 |  | 
| Remove unit from queue | 18 |  | 
| Right click | 3469 |  | 
| Select / deselect | 1219 |  | 
| Select group hotkey | 1428 |  | 
| Use ability | 205 |  | 
                6777 total
 » units 
                
                | Acolyte | 20 |  | 
| Ghoul | 4 |  | 
| Crypt Fiend | 26 |  | 
| Frost Wyrm | 16 |  | 
                66 total
 » upgrades
                
                | Creature Attack | 3 |  | 
| Web | 1 |  | 
| Freezing Breath | 1 |  | 
| Creature Carapace | 3 |  | 
                8 total
 » buildings
                
                | Crypt | 2 |  | 
| Altar of Darkness | 1 |  | 
| Graveyard | 1 |  | 
| Ziggurat | 14 |  | 
| Halls of the Dead | 4 |  | 
| Black Citadel | 4 |  | 
| Sacrificial Pit | 1 |  | 
| Boneyard | 2 |  | 
| Necropolis | 3 |  | 
| Tomb of Relics | 1 |  | 
                33 total
 » build order
                00:05 Crypt
00:15 Crypt
00:18 Altar of Darkness
00:49 Graveyard
01:00 Ziggurat
01:41 Ziggurat
04:01 Ziggurat
04:18 Halls of the Dead
04:18 Halls of the Dead
04:24 Ziggurat
06:13 Ziggurat
07:12 Black Citadel
07:12 Black Citadel
08:02 Sacrificial Pit
09:48 Boneyard
09:51 Boneyard
11:10 Necropolis
12:41 Tomb of Relics
13:12 Ziggurat
13:14 Ziggurat
13:15 Ziggurat
28:49 Necropolis
41:23 Ziggurat
41:25 Ziggurat
41:26 Ziggurat
43:48 Necropolis
51:46 Ziggurat
51:47 Ziggurat
51:47 Ziggurat
» items
                
                | Orb of Corruption | 1 |  | 
| Scroll of Healing | 2 |  | 
| Scroll of Town Portal | 4 |  | 
| Potion of Healing | 1 |  | 
                8 total
   Chat log
          
(54:15 / All) PIZZAFAN1739: lol
(54:24 / All) SonOfLucifer: absurd
(54:28 / All) PIZZAFAN1739: clan towa #1
(60:55 / All) SonOfLucifer: finish this
(60:58 / All) PIZZAFAN1739: nah
(60:59 / All) timg4strOK: ok
(61:03 / All) timg4strOK: im coming
(61:05 / All) timg4strOK: you ready
(61:07 / All) iggy_the_fisk: not making your noob mistake kid
(61:13 / All) PIZZAFAN1739: "reguardless"?
(61:13 / All) Ya-It-OwnS: we cant win
(61:15 / All) Ya-It-OwnS: no expos
(61:16 / All) Ya-It-OwnS: nothing
(61:16 / All) SonOfLucifer: see ya in a second
(61:22 / All) SonOfLucifer: :)
(61:28 / All) SonOfLucifer: :)
(61:36 / All) SonOfLucifer: ;
(61:40 / All) SonOfLucifer: ;)
(61:46 / All) SonOfLucifer: ;
(61:50 / All) SonOfLucifer: ;)
(61:51 / All) iggy_the_fisk: i feel like
(61:54 / All) SonOfLucifer: ;)
(61:55 / All) iggy_the_fisk: you should have won this game
(61:56 / All) iggy_the_fisk: agree?
(61:57 / All) timg4strOK: WHEW im so happy
(62:00 / All) Ya-It-OwnS: yes
(62:00 / All) PIZZAFAN1739: remember when my base died
(62:02 / All) timg4strOK: can't believe i won this on!
(62:05 / All) PIZZAFAN1739: i was eating a pizza
(62:08 / All) PIZZAFAN1739: i really love pizza
(62:14 / All) timg4strOK: he's pizza #1 fan
(62:18 / All) PIZZAFAN1739: speaking of pizza theres pizza @ the door, give me 1 sexc
(62:18 / All) timg4strOK: check pizza facebook page out
(62:20 / All) timg4strOK: he's all ove rit
(62:22 / All) SonOfLucifer: got your grandma on my dick
(62:30 / All) SonOfLucifer: got your grandma on my dick
(62:36 / All) timg4strOK: BNO
(62:37 / All) timg4strOK: no
(62:37 / All) timg4strOK: no
(62:38 / All) timg4strOK: npo
(62:38 / All) timg4strOK: np
(62:39 / All) timg4strOK: no
(62:39 / All) iggy_the_fisk: why granny :( ur married
(62:41 / All) timg4strOK: stop ti
(62:43 / All) timg4strOK: stop
(62:45 / All) SonOfLucifer: fuck my other bitch ya i fucked my other bitch
(62:48 / All) timg4strOK: there's certain things... U don't say
(62:55 / All) PIZZAFAN1739: listen
(63:02 / All) PIZZAFAN1739: 647-869-9830 that's my fone #
(63:03 / All) PIZZAFAN1739: please
(63:05 / All) PIZZAFAN1739: can we talk about this
(63:07 / All) iggy_the_fisk: the bitch? your chances of winning this game
(63:11 / All) PIZZAFAN1739: chris is really sensitive about his g-ma
(63:22 / All) SonOfLucifer: got your grandma on my dick
(67:24 / All) SonOfLucifer: hi guys
(69:36 / All) timg4strOK: hey
(69:38 / Allies) timg4strOK: u guys still here. ?
(69:45 / All) timg4strOK: u guys still
(69:46 / All) timg4strOK: ???
(69:47 / All) timg4strOK: here
(69:55 / All) SonOfLucifer: were dedicated dude
(70:12 / All) SonOfLucifer: its 5 am rite now in scotland
(70:23 / All) SonOfLucifer: il stay til the sun comes up
(70:30 / All) PIZZAFAN1739: do U know stu
(70:35 / All) PIZZAFAN1739: or Shane
(70:38 / All) PIZZAFAN1739: they from ireland
(70:43 / All) iggy_the_fisk: pretty close
(70:52 / All) PIZZAFAN1739: have yyou ever been Glassed
(71:05 / All) timg4strOK: ur'e mom glasses me
(77:07 / All) iggy_the_fisk: come on boyes
(81:13 / All) PIZZAFAN1739: y'all turn gay now
(81:15 / All) timg4strOK: y'all turng ay...................... no